 Dungeon Crawl Stone Soup version 0.18.1-47-g9310371 (webtiles) character file.

170 spiff the Magician (level 5, -10/28 HPs)
             Began as a Deep Elf Wizard on June 19, 2016.
             Mangled by an ogre
             ... wielding a +0 giant club
              (13 damage)
             ... on level 4 of the Dungeon.
             The game lasted 00:10:03 (3415 turns).

spiff the Magician (Deep Elf Wizard)                Turns: 3415, Time: 00:10:04

Health: -10/28     AC:  4    Str:  4    XL:     5   Next: 25%
Magic:  7/14       EV: 12    Int: 24    God:
Gold:   135        SH:  0    Dex: 13    Spells: 4 memorised, 5 levels left

rFire  . . .     SeeInvis .     y - -1 flail (curse)
rCold  . . .     Gourm    .     a - +0 robe
rNeg   . . .     Faith    .     (no shield)
rPois  .         Spirit   .     b - +0 hat
rElec  .         Dismiss  .     h - +0 cloak
rCorr  .         Reflect  .     (no gloves)
SustAt .         Harm     .     q - +0 pair of boots
MR     .....                    (no amulet)
Stlth  ++........               (no ring)
                                (no ring)

@: very slightly contaminated, not resistant to hostile enchantments, unstealthy
A: no striking features
a: no special abilities


You were on level 4 of the Dungeon.
You were not hungry.

You visited 1 branch of the dungeon, and saw 4 of its levels.

You collected 135 gold pieces.

Inventory:

Hand Weapons
 g - a +0 short sword
 y - a cursed -1 flail (weapon)
Armour
 a - a +0 robe (worn)
 b - a +0 hat (worn)
 h - a +0 cloak (worn)
 q - a +0 pair of boots (worn)
Scrolls
 f - 2 scrolls of remove curse {unknown}
 i - 3 scrolls of identify {unknown}
 j - a scroll of enchant weapon {unknown}
 n - a scroll of amnesia {unknown}
 t - a scroll of enchant armour {unknown}
 v - a scroll of magic mapping {unknown}
Potions
 e - a potion of cure mutation {unknown}
 l - 2 potions of degeneration {unknown}
 m - a potion of lignification {unknown}
 p - a potion of magic {unknown}
 r - a potion of might {unknown}
 w - a potion of heal wounds {unknown}
 A - a potion of berserk rage {unknown}
Books
 c - a book of Minor Magic

   Spells                             Type                      Level
   a - Magic Dart                     Conjuration                  1
   b - Blink                          Translocation                2
   c - Call Imp                       Summoning                    2
   d - Repel Missiles                 Charms/Air                   2
   e - Slow                           Hexes                        2
   f - Conjure Flame                  Conjuration/Fire             3
   g - Mephitic Cloud                 Conjuration/Poison/Air       3
Comestibles
 d - 2 bread rations
 k - 3 fruits
 o - 2 beef jerkies
 s - a slice of pizza
 u - 2 meat rations
 x - 3 chunks of flesh
 z - a royal jelly


   Skills:
 - Level 2.4 Dodging
 - Level 2.4 Stealth
 - Level 5.3 Spellcasting
 + Level 3.9 Conjurations
   Level 1.1 Summonings
 - Level 1.1 Translocations
 + Level 2.7 Air Magic


You had 5 spell levels left.
You knew the following spells:

 Your Spells              Type           Power        Failure   Level  Hunger
a - Magic Dart            Conj           ####         1%          1    None
b - Blink                 Tloc           N/A          12%         2    None
e - Conjure Flame         Conj/Fire      ###.....     14%         3    ##.....
q - Mephitic Cloud        Conj/Pois/Air  ###.....     12%         3    ##.....


Dungeon Overview and Level Annotations

Branches:
Dungeon (4/15)
 Temple: D:4-7

Altars:
Ashenzari
Pakellas
Ru
Xom

Annotations:
D:3 Rationalist's ghost, amateur MiBe


Message History

The ogre is almost dead.
The ogre seems less confused.
The ogre hits you with a giant club!!
Ouch! That really hurt!
* * * LOW HITPOINT WARNING * * *
An adder comes into view.
You hit the ogre.
The ogre is almost dead.
The ogre completely misses you. The adder misses you.
Casting: Magic Dart
Confirm with . or Enter, or press ? or * to list all spells.
Aiming: Mephitic Cloud
Press: ? - help, Shift-Dir - straight line, f/p - ogre
Aim: an ogre, wielding a giant club (almost dead) That beam is likely to hit you.
Continue anyway?
You miscast Mephitic Cloud.
You are very lightly contaminated with residual magic.
Your hair stands on end.
The ogre barely misses you. The adder barely misses you.
The ogre hits you with a giant club!
You die...

### ..# #.#
#.# #.# #@##
#OS#
###.#####
#.?...).#
#....<..#
#...........#
#.......#.###
######### #


You could see an ogre and an adder.

Vanquished Creatures
  Jessica (D:3)
  Terence (D:3)
  Ijyb (D:3)
  3 adders
  A worm (D:1)
  A dart slug (D:2)
  4 giant geckos
  An orc (D:3)
  5 bats
  3 giant cockroaches
  8 goblins
  9 hobgoblins
  4 jackals (D:1)
  3 kobolds (D:2)
  A quokka (D:2)
  A ball python (D:2)
  4 giant newts
  A jackal skeleton (D:3)
  6 rats
58 creatures vanquished.

Notes
Turn   | Place    | Note
--------------------------------------------------------------
     0 | D:1      | spiff the Deep Elf Wizard began the quest for the Orb.
     0 | D:1      | Reached XP level 1. HP: 10/10 MP: 7/7
   376 | D:1      | Reached XP level 2. HP: 15/15 MP: 6/9
   406 | D:1      | Learned a level 2 spell: Blink
   652 | D:1      | Reached skill level 5 in Spellcasting
  1154 | D:1      | Reached XP level 3. HP: 16/19 MP: 5/11
  1252 | D:1      | Learned a level 3 spell: Conjure Flame
  1256 | D:1      | Learned a level 3 spell: Mephitic Cloud
  1570 | D:2      | Reached skill level 1 in Air Magic
  1935 | D:2      | Found a shimmering altar of Xom.
  1935 | D:2      | Found a shimmering altar of Xom.
  1944 | D:2      | Found a shimmering altar of Xom.
  1957 | D:2      | Found a shimmering altar of Xom.
  2066 | D:2      | Reached XP level 4. HP: 24/24 MP: 4/13
  2399 | D:3      | Noticed Terence
  2432 | D:3      | Killed Terence
  2572 | D:3      | Noticed Ijyb
  2574 | D:3      | Noticed Rationalist's ghost (amateur MiBe)
  2925 | D:3      | Found a shattered altar of Ashenzari.
  2931 | D:3      | Noticed Jessica
  2938 | D:3      | Found an oddly glowing altar of Pakellas.
  2938 | D:3      | Found a sacrificial altar of Ru.
  2951 | D:3      | Killed Jessica
  2951 | D:3      | Reached XP level 5. HP: 10/28 MP: 1/14
  3347 | D:3      | Killed Ijyb
  3402 | D:4      | Noticed an ogre
  3415 | D:4      | Mangled by an ogre

Skill      XL: |  1  2  3  4 |
---------------+-------------+-----
Conjurations   | 2 3 |  3.9
Spellcasting   | 5 |  5.3
Air Magic      | 1 2 |  2.7
Dodging        | |  2.4
Stealth        | |  2.4
Summonings     | |  1.1
Translocations | |  1.1

Action                   |  1- 3 |  4- 6 || total
-------------------------+-------+-------++-------
Melee: Short sword       |     2 |    22 ||    24
       Flail             |       |    19 ||    19
 Cast: Magic Dart        |   102 |    42 ||   144
       Blink             |     2 |       ||     2
       Conjure Flame     |     2 |       ||     2
       Mephitic Cloud    |       |     7 ||     7
  Use: Scroll            |     1 |       ||     1
 Stab: Confused          |       |     4 ||     4
  Eat: Chunk             |     3 |     5 ||     8
Armor: Robe              |    10 |     6 ||    16
Dodge: Dodged            |    16 |    27 ||    43
